AoeStats
← hkfatih

Arena

505065315Analyzed
1v1 RM · 24d ago on Sep 7, 2026· 28m 59s· 2 players
Game mode
Random Map
Map size
Tiny (2 player)
Population
200
Speed
Normal
Resources
Standard
Victory
Conquest
Starting age
Dark Age
Ending age
Imperial Age
RankedLock teamsTeams togetherTeam positionsShared explorationLock speedFull tech treeHidden civsTurbo modeCheats
Victory
Defeat
🇫🇷 Turks · France
1300
+18
🇲🇽 Aztecs · Mexico
1342
-18
VempirE Reider
10:39 Feudal Age
12:21 Loom
12:59 Double-Bit Axe
15:16 Castle Age
13:01 Horse Collar
14:15 Gold Mining
16:59 Eagle Warrior
21:47 Fervor
21:58 Sanctity
22:41 Redemption
24:14 Squires
25:18 Scale Mail Armor
26:41 Chain Mail Armor
28:13 Gambesons
hkfatih
11:35 Feudal Age
13:12 Double-Bit Axe
15:45 Castle Age
13:43 Gold Mining
20:50 Imperial Age
20:10 Padded Archer Armor
Connection lost

Rejoining the realm…

Still unreachable

The connection could not be restored.

Session expired

The server has moved on; the page needs a fresh start.